 Dungeon Crawl Stone Soup version 0.28-a0-1235-g7c8fac35f0 (webtiles) character file.

Game seed: 4878180125468414173

6525 SkeletonJelly the Geomancer (level 10, -2/107 HPs)
             Began as a Grey Draconian Monk on Dec 24, 2021.
             Was an Elder of Sif Muna.
             Slain by a gargoyle (10 damage)
             ... on level 9 of the Dungeon.
             The game lasted 00:26:30 (12315 turns).

SkeletonJelly the Geomancer (Grey Draconian Monk)  Turns: 12315, Time: 00:26:30

Health: -2/107     AC: 25    Str: 14    XL:     10   Next: 69%
Magic:  16/17      EV: 12    Int: 15    God:    Sif Muna [****..]
Gold:   484        SH:  0    Dex: 13    Spells: 6/18 levels left

rFire   . . .      SeeInvis .   n - +4 dagger (elec)
rCold   . . .      Faith    .   (no shield)
rNeg    + + .      Spirit   .   (armour unavailable)
rPois   ∞          Reflect  .   r - +0 hat
rElec   +          Harm     .   m - +1 cloak
rCorr   .          Rampage  .   (gloves currently unavailable)
Will    .....                   (boots currently unavailable)
Stlth   ++........              (no amulet)
HPRegen 0.27/turn               j - ring of positive energy
MPRegen 0.15/turn               C - ring of flight

@: statue-form, channelling, flying, studying Short Blades, very slow
A: slow and powerful, torment resistance 1, boosted hp, AC +12, amphibious,
unfitting armour, cold-blooded
a: End Transformation, Renounce Religion, Channel Magic, Forget Spell, Divine
Exegesis


You were on level 9 of the Dungeon.
You worshipped Sif Muna.
Sif Muna was greatly pleased with you.
You were a living statue of rough stone.
You visited 1 branch of the dungeon, and saw 9 of its levels.
You also visited: Sewer.

You collected 484 gold pieces.

Inventory:

Hand Weapons
 a - a +0 falchion
 b - a +2 dagger of venom
 n - a +4 dagger of electrocution (weapon)
 D - a +2 vorpal scimitar
Missiles
 q - 21 poisoned darts
 t - 192 stones
 v - 7 silver javelins
Armour
 m - a +1 cloak (worn)
 r - a +0 hat (worn)
 G - a +0 pair of boots (melded)
Jewellery
 j - a ring of positive energy (left fist)
 C - a ring of flight (right fist)
Wands
 p - a wand of digging (7)
 w - a wand of polymorph (6)
 B - a wand of flame (24)
 H - a wand of iceblast (8)
Scrolls
 d - 6 scrolls of teleportation
 h - 5 scrolls of identify
 y - a scroll of enchant weapon {unknown}
 A - a scroll of amnesia {unknown}
 I - a scroll of noise {unknown}
Potions
 c - 8 potions of curing
 e - 3 potions of brilliance {unknown}
 f - 2 potions of mutation {unknown}
 g - 6 potions of flight
 i - 2 potions of lignification
 k - a potion of might {unknown}
 l - a potion of magic {unknown}
 o - a potion of ambrosia {unknown}
 s - a potion of haste {unknown}
 u - 2 potions of degeneration {unknown}
 x - 2 potions of heal wounds
 z - a potion of invisibility {unknown}
 E - 2 potions of attraction {unknown}
 F - a potion of cancellation {unknown}


   Skills:
 - Level 6.0 Fighting
 - Level 7.5(8.0) Short Blades
 - Level 4.0(6.2) Long Blades
 - Level 2.6 Dodging
 - Level 1.7 Stealth
 - Level 4.6 Spellcasting
 - Level 4.0 Conjurations
 + Level 7.9 Transmutations
 - Level 12.0 Earth Magic


You had 6 spell levels left.
You knew the following spells:

 Your Spells              Type           Power      Damage    Failure   Level
a - Sandblast             Erth           78%        2d17      1%          1
p - Passwall              Tmut/Erth      27%        N/A       1%          2
q - Statue Form           Tmut/Erth      22%        N/A       41%         6
s - Stone Arrow           Conj/Erth      54%        3d10      1%          3

Your spell library contained the following spells:

 Spells                   Type           Power      Damage    Failure   Level
 Beastly Appendage        Tmut           54%        N/A       1%          1
 Shock                    Conj/Air       36%        1d5       8%          1
 Spider Form              Tmut/Pois      15%        N/A       10%         3
 Animate Skeleton         Necr           6%         N/A       17%         1
 Apportation              Tloc           6%         N/A       17%         1
 Pain                     Necr           12%        1d4       17%         1
 Summon Small Mammal      Summ           12%        N/A       17%         1
 Corpse Rot               Necr/Air       6%         N/A       26%         2
 Poisonous Vapours        Pois/Air       6%         N/A       26%         2
 Ice Form                 Ice/Tmut       15%        N/A       32%         4
 Gell's Gravitas          Tloc           3%         N/A       45%         3
 Swiftness                Air            3%         N/A       45%         3
 Teleport Other           Tloc           3%         N/A       45%         3
 Vampiric Draining        Necr           3%         2d6       45%         3
 Airstrike                Air            1%         N/A       86%         4
 Summon Lightning Spire   Summ/Air       3%         N/A       86%         4
 Agony                    Necr           3%         N/A       99%         5
 Excruciating Wounds      Necr           1%         N/A       99%         5
 Dispersal                Tloc           1%         N/A       100%        6
 Dragon Form              Tmut           13%        N/A       99%         7


Dungeon Overview and Level Annotations

Branches:
Dungeon (9/15)             Temple (0/1) D:4            Lair (0/6) D:8
  Sewer (visited)
    Orc: D:9-12

Altars:
Cheibriados
Sif Muna

Shops:
D:6 *!   D:9 ?


Innate Abilities, Weirdness & Mutations

You are a living statue of rough stone.
Your actions are slow, but your melee attacks are powerful.
You are resistant to unholy torment.
Your maximum health is greatly increased.
You are immune to poison.
Your equipment is partially melded.
((Your dull iron-grey scales are very hard. (AC +12)))
You are amphibious.
You cannot fit into any form of body armour.
You are cold-blooded and may be slowed by cold attacks.


Message History

You puncture the gargoyle!
The gargoyle is moderately damaged.
The gargoyle hurls a stone arrow at you.
The stone arrow hits you but does no damage.
You hit the gargoyle but do no damage.
The gargoyle is moderately damaged.
The gargoyle closely misses you.
You hit the gargoyle but do no damage.
The gargoyle is moderately damaged.
The gargoyle hits you with a +0 mace!
You take 8 damage, and have 60/107 hp.
You closely miss the gargoyle.
The gargoyle is moderately damaged.
The gargoyle hits you with a +0 mace!
You take 9 damage, and have 51/107 hp.
You are too injured to fight recklessly!
You are too injured to fight recklessly!
You are too injured to fight recklessly!
You are too injured to fight recklessly!
You are too injured to fight recklessly!
You are too injured to fight recklessly!
You are too injured to fight recklessly!
You are too injured to fight recklessly!
You are too injured to fight recklessly!
You are too injured to fight recklessly!
Casting: Statue Form (quite dangerous; 41% risk of failure)
Confirm with . or Enter, or press ? or * to list all spells.
Aiming: Sandblast (safe; 1% risk of failure)
Press: ? - help, Shift-Dir - straight line, f - gargoyle
Aim: a gargoyle, wielding a +0 mace (moderately damaged, 91% to hit)
The blast of sand hits the gargoyle.
The gargoyle is heavily damaged.
The gargoyle hits you but does no damage.
You now have 12/17 mp.
Casting: Sandblast (safe; 1% risk of failure)
Confirm with . or Enter, or press ? or * to list all spells.
Aiming: Sandblast (safe; 1% risk of failure)
Press: ? - help, Shift-Dir - straight line, f/p - gargoyle
Aim: a gargoyle, wielding a +0 mace (heavily damaged, 91% to hit)
The blast of sand hits the gargoyle but does no damage.
The gargoyle is heavily damaged.
The gargoyle misses you. The gargoyle barely misses you.
Casting: Sandblast (safe; 1% risk of failure)
Confirm with . or Enter, or press ? or * to list all spells.
Aiming: Sandblast (safe; 1% risk of failure)
Press: ? - help, Shift-Dir - straight line, f/p - gargoyle
Aim: a gargoyle, wielding a +0 mace (heavily damaged, 91% to hit)
The blast of sand hits the gargoyle but does no damage.
The gargoyle is heavily damaged.
The gargoyle hurls a stone arrow at you.
The stone arrow misses you.
You now have 11/17 mp.
Casting: Sandblast (safe; 1% risk of failure)
Confirm with . or Enter, or press ? or * to list all spells.
Aiming: Sandblast (safe; 1% risk of failure)
Press: ? - help, Shift-Dir - straight line, f/p - gargoyle
Aim: a gargoyle, wielding a +0 mace (heavily damaged, 91% to hit)
The blast of sand hits the gargoyle but does no damage.
The gargoyle is heavily damaged.
The gargoyle hurls a stone arrow at you.
The stone arrow hits you!
The gargoyle hits you but does no damage.
You take 12 damage, and have 40/107 hp.
You now have 10/17 mp.
Casting: Sandblast (safe; 1% risk of failure)
Confirm with . or Enter, or press ? or * to list all spells.
Aiming: Sandblast (safe; 1% risk of failure)
Press: ? - help, Shift-Dir - straight line, f/p - gargoyle
Aim: a gargoyle, wielding a +0 mace (heavily damaged, 91% to hit)
The blast of sand hits the gargoyle but does no damage.
The gargoyle is heavily damaged.
The gargoyle hits you with a +0 mace.
You take 2 damage, and have 38/107 hp.
You now have 9/17 mp.
Casting: Sandblast (safe; 1% risk of failure)
Confirm with . or Enter, or press ? or * to list all spells.
Aiming: Sandblast (safe; 1% risk of failure)
Press: ? - help, Shift-Dir - straight line, f/p - gargoyle
Aim: a gargoyle, wielding a +0 mace (heavily damaged, 91% to hit)
The blast of sand hits the gargoyle.
The gargoyle is severely damaged.
The gargoyle hurls a stone arrow at you.
The stone arrow hits you!!
* * * LOW HITPOINT WARNING * * *
The gargoyle misses you.
You take 21 damage, and have 17/107 hp.
Casting: Sandblast (safe; 1% risk of failure)
Confirm with . or Enter, or press ? or * to list all spells.
Aiming: Sandblast (safe; 1% risk of failure)
Press: ? - help, Shift-Dir - straight line, f/p - gargoyle
Aim: a gargoyle, wielding a +0 mace (severely damaged, 91% to hit)
The blast of sand hits the gargoyle but does no damage.
The gargoyle is severely damaged.
The gargoyle hits you with a +0 mace!
* * * LOW HITPOINT WARNING * * *
You take 9 damage, and have 8/107 hp.
You now have 8/17 mp.
Okay, then.
Unknown command.
Unknown command.
The gargoyle hurls a stone arrow at you.
The stone arrow misses you. The gargoyle hits you with a +0 mace!
You die...

#..........8.∩.8#
#.##
#...........⌠.⌠.#
#.#
#..........8.8.8#
#.#
#..........######
#.# ####'#######
#.# #..## #.#
##..### #.#
##...# #.# ###8#
#.....9..#
#...(....#
#....$...#
#........#
#.....$..#
#........+
#........#


You could see a gargoyle.

Vanquished Creatures
  Erolcha (D:9)
  A two-headed ogre (D:9)
  A komodo dragon (D:7)
  Grinder (D:6)
  Sigmund (D:6)
  5 yaks (D:9)
  A vampire (D:9)
  A wyvern (D:8)
  Edmund (D:6)
  A water moccasin (D:5)
  Duvessa (D:4)
  An ice beast (D:7)
  3 orc warriors
  A necrophage (D:5)
  3 ogres
  6 centaurs
  A phantom (D:5)
  2 kobold brigands
  2 bullfrogs (D:7)
  4 scorpions
  A water moccasin skeleton (D:6)
  Dowan (D:4)
  5 killer bees (D:8)
  4 centaur zombies
  2 hounds (D:5)
  A bullfrog zombie (D:7)
  6 orc priests
  A gnoll shaman (D:7)
  3 jellies
  A bullfrog skeleton (D:6)
  Terence (D:3)
  2 iguanas
  11 orc wizards
  A hound skeleton (D:4)
  A howler monkey zombie (D:9)
  8 gnolls
  A howler monkey skeleton (D:5)
  10 adders
  A river rat (Sewer)
  2 white imps
  An ufetubus (D:7)
  An adder skeleton (D:4)
  6 worms
  A dart slug (D:2)
  42 orcs
  5 bats
  8 endoplasms
  8 giant cockroaches
  5 hobgoblins (D:1)
  8 jackals
  2 quokkas
  9 ball pythons
  4 frilled lizards
  8 goblins
  11 kobolds
  17 rats
237 creatures vanquished.

Notes
Turn   | Place    | Note
-------+----------+-------------------------------------------
     0 | D:1      | SkeletonJelly the Draconian Monk began the quest for the
                  | Orb.
     0 | D:1      | Reached XP level 1. HP: 19/19 MP: 1/1
   376 | D:1      | Reached XP level 2. HP: 25/26 MP: 2/2
   487 | D:1      | Found a faded altar of an unknown god.
   497 | D:1      | Prayed at the altar of an unknown god.
   497 | D:1      | Became a worshipper of Sif Muna the Loreminder
   497 | D:1      | Reached * piety under Sif Muna
   497 | D:1      | Reached ** piety under Sif Muna
   768 | D:1      | Reached *** piety under Sif Muna
   814 | D:1      | Reached XP level 3. HP: 27/33 MP: 3/3
  1413 | D:2      | Reached XP level 4. HP: 40/41 MP: 4/4
  1952 | D:3      | Reached skill level 1 in Spellcasting
  2050 | D:3      | Reached **** piety under Sif Muna
  2064 | D:3      | Reached skill level 5 in Fighting
  2176 | D:3      | Noticed Terence
  2182 | D:3      | Reached XP level 5. HP: 45/48 MP: 7/7
  2193 | D:3      | Killed Terence
  3126 | D:4      | Reached XP level 6. HP: 51/56 MP: 8/10
  3417 | D:4      | Noticed Dowan
  3928 | D:4      | Noticed Duvessa
  3943 | D:4      | Killed Duvessa
  4191 | D:4      | Your scales start taking on a dull iron-grey colour.
  4191 | D:4      | Reached XP level 7. HP: 63/63 MP: 12/14
  4193 | D:4      | Learned a level 1 spell: Sandblast
  4231 | D:4      | Reached skill level 1 in Earth Magic
  5038 | D:4      | Killed Dowan
  5039 | D:4      | Reached skill level 2 in Earth Magic
  5306 | D:4      | Found a staircase to the Ecumenical Temple.
  5576 | D:5      | Entered Level 5 of the Dungeon
  5762 | D:5      | Reached skill level 1 in Short Blades
  5824 | D:5      | Reached skill level 3 in Earth Magic
  5867 | D:5      | Reached skill level 4 in Earth Magic
  5974 | D:5      | Reached XP level 8. HP: 30/70 MP: 15/15
  5979 | D:5      | Learned a level 2 spell: Passwall
  5983 | D:5      | Learned a level 3 spell: Stone Arrow
  6000 | D:5      | Reached skill level 5 in Earth Magic
  6021 | D:5      | Reached skill level 5 in Short Blades
  6196 | D:5      | Reached skill level 6 in Earth Magic
  6288 | D:5      | Reached ***** piety under Sif Muna
  6295 | D:5      | Received a gift from Sif Muna
  6296 | D:5      | Got Sif Muna's Grimoire of Shape Shifting and Summoning
                  | {god gift}
  6300 | D:5      | Found a glowing drain.
  6313 | Sewer    | Entered a sewer
  6650 | Sewer    | Reached skill level 7 in Earth Magic
  6723 | Sewer    | Found a glowing silver altar of Zin.
  7253 | D:6      | Noticed Sigmund
  7269 | D:6      | Noticed Edmund
  8036 | D:6      | Found a snail-covered altar of Cheibriados.
  8085 | D:6      | Killed Sigmund
  8086 | D:6      | Reached skill level 8 in Earth Magic
  8156 | D:6      | Noticed Maggie
  8157 | D:6      | Killed Edmund
  8158 | D:6      | Reached XP level 9. HP: 32/75 MP: 1/16
  8418 | D:6      | Noticed Grinder
  8428 | D:6      | Paralysed by Grinder for 6 turns
  8437 | D:6      | Killed Grinder
  8438 | D:6      | Reached skill level 1 in Conjurations
  8438 | D:6      | Reached skill level 1 in Transmutations
  8438 | D:6      | Reached skill level 9 in Earth Magic
  8553 | D:6      | Found Pageaw's Gadget Gallery.
  8597 | D:6      | Found Eptiqum's Distillery.
  8601 | D:6      | Noticed Maggie
  8601 | D:6      | Maggie changed into Maggie the ogre
  8613 | D:6      | Killed Maggie the ogre
  9538 | D:7      | Reached skill level 10 in Earth Magic
  9606 | D:7      | Noticed a komodo dragon
 10003 | D:7      | Killed a komodo dragon
 10004 | D:7      | Reached skill level 11 in Earth Magic
 10428 | D:8      | Found a staircase to the Lair.
 10712 | D:8      | Reached XP level 10. HP: 83/83 MP: 14/17
 11307 | D:9      | Reached skill level 12 in Earth Magic
 11309 | D:9      | Reached skill level 5 in Transmutations
 11567 | D:9      | Noticed Erolcha
 11570 | D:9      | Killed Erolcha
 11838 | D:9      | Found Hahiynaust's Magic Scroll Emporium.
 11841 | D:9      | Noticed a two-headed ogre
 12176 | D:9      | Learned a level 6 spell: Statue Form
 12211 | D:9      | Killed a two-headed ogre
 12289 | D:9      | Noticed a gargoyle
 12315 | D:9      | Slain by a gargoyle

Illustrated notes

Levels and vault maps discovered:
D:1:      saegor_arrival_simple_e, layout_basic,
          shapermc_ecumenical_altar_totnotflames, supply_closet_lemuel,
          columned_hall_lemuel, minmay_tall_x
D:2:      minmay_wonky_spiral, layout_rooms
D:3:      layout_basic, minmay_close_crescents, uniq_terence
D:4:      layout_basic, minmay_temple_entry_enclosed_plants,
          serial_co_window_serial, co_window_paths_a, co_window_paths_a,
          co_window_paths_a, co_window_corner_a, co_window_paths_a,
          co_window_corner_a, co_window_corner_a, co_window_corner_b,
          co_window_broadway_c, co_window_2corner, co_window_unsneaky_path_a,
          co_window_unsneaky_path_c, glass_columns_b, glass_columns_b,
          minmay_manual_macuahuitl, uniq_duvessa
D:5:      layout_basic, portal_sewer_entry_e
D:6:      layout_basic, old_standard_altar, serial_shops,
          nicolae_shop_advertising_works [nicolae_subvault_shop_adworks],
          nicolae_shop_gadgets, uniq_edmund, uniq_grinder, uniq_sigmund,
          uniq_maggie
D:7:      cheibrodos_iron_armory, layout_cave_pools
D:8:      layout_rooms, lair_entry_dummy, minivault_27
D:9:      layout_roguey, nicolae_gozag_seed_capital, serial_shops,
          nicolae_shop_temple_entry_statues_fountains, uniq_erolcha

Skill      XL: |  1  2  3  4  5  6  7  8  9 10 |
---------------+-------------------------------+-----
Long Blades    | 4 |  4.0
Fighting       | 4 5 6 |  6.0
Spellcasting   | 1 3 4 |  4.6
Earth Magic    | 4 8 11 12 | 12.0
Short Blades   | 4 7 |  7.5
Conjurations   | 3 4 |  4.0
Transmutations | 3 7 |  7.9
Dodging        | |  2.6
Stealth        | |  1.7

Action                   |  1- 3 |  4- 6 |  7- 9 | 10-12 || total
-------------------------+-------+-------+-------+-------++-------
Melee: Dagger            |   100 |   212 |   279 |    91 ||   682
       Falchion          |     7 |       |       |       ||     7
       Tailslap          |    11 |    31 |    34 |     5 ||    81
Throw: Javelin           |       |     1 |     2 |       ||     3
       Dart              |       |       |     2 |       ||     2
 Cast: Sandblast         |       |       |   103 |    40 ||   143
       Stone Arrow       |       |       |    28 |       ||    28
       Passwall          |       |       |     2 |       ||     2
       Statue Form       |       |       |       |     3 ||     3
Invok: Channel Magic     |       |       |     1 |     1 ||     2
       Divine Exegesis   |       |       |       |     1 ||     1
Evoke: Wand              |       |     1 |     2 |     3 ||     6
  Use: Scroll            |       |     3 |     3 |       ||     6
       Potion            |       |       |     1 |       ||     1
 Stab: Sleeping          |     3 |     4 |     5 |     1 ||    13
Armor: Skin              |    29 |    48 |   133 |    54 ||   264
Dodge: Dodged            |    56 |   123 |   181 |    65 ||   425

Table legend: (Time is in decaauts)
 A = Elapsed time spent in this place.
 B = Non-inter-level travel time spent in this place.
 C = Inter-level travel time spent in this place.
 D = Time resting spent in this place.
 E = Time spent auto-exploring this place.
 F = Levels seen in this place.
 G = Mean time per level.
                   A        B        C        D        E       F      G
               +--------+--------+--------+--------+--------+-----+--------+
         Total |  12209 |  11581 |    628 |    691 |   8765 |  10 | 1220.9 |
       Dungeon |  11768 |  11140 |    628 |    691 |   8393 |   9 | 1307.6 |
         Sewer |    441 |    441 |      0 |      0 |    372 |   1 |  441.0 |
               +--------+--------+--------+--------+--------+-----+--------+

Top non-repeatable levels by time:
     D:4: 2296 daAuts
     D:5: 1985 daAuts
     D:6: 1518 daAuts
     D:3: 1100 daAuts
     D:1: 1090 daAuts
     D:9: 1067 daAuts
     D:2: 1060 daAuts
     D:8: 864 daAuts
     D:7: 785 daAuts
   Sewer: 441 daAuts
